 Dungeon Crawl Stone Soup version 0.24-a0-520-g8fd06ad0bc (webtiles) character file.

Game seed: 1973996000017264054

93 KristoblXynda the Slasher (level 4, -2/33 HPs)
             Began as a Demonspawn Skald on July 23, 2019.
             Killed from afar by an orc wizard (7 damage)
             ... with a magic dart
             ... on level 3 of the Dungeon.
             The game lasted 00:01:56 (1364 turns).

KristoblXynda the Slasher (Demonspawn Skald)        Turns: 1364, Time: 00:01:56

Health: -2/33      AC:  4    Str: 12    XL:     4   Next: 37%
Magic:  7/7        EV: 12    Int: 15    God:
Gold:   71         SH:  4    Dex: 12    Spells: 6/7 levels left

rFire    . . .     SeeInvis .   a - +0 falchion
rCold    . . .     Gourm    .   (no shield)
rNeg     . . .     Faith    .   b - +0 leather armour
rPois    .         Spirit   .   (no helmet)
rElec    .         Reflect  .   (no cloak)
rCorr    .         Harm     .   j - +0 pair of gloves
MR       .....                  (no boots)
Stlth    +.........             (no amulet)
HPRegen  0.11/turn              (no ring)
MPRegen  0.10/turn              (no ring)

@: slowed, very slow
A: large bone plates 1, powered by death 1
a: no special abilities


You were on level 3 of the Dungeon.
You were hungry.

You visited 1 branch of the dungeon, and saw 3 of its levels.

You collected 71 gold pieces.

Inventory:

Hand Weapons
 a - a +0 falchion (weapon)
Armour
 b - a +0 leather armour (worn)
 j - a +0 pair of gloves (worn)
Jewellery
 i - an uncursed ring of protection from magic
Scrolls
 c - a scroll of amnesia {unknown}
 e - a scroll of fog {unknown}
 h - a scroll of enchant armour {unknown}
Comestibles
 d - 2 rations


   Skills:
 - Level 2.0 Fighting
 * Level 3.2 Long Blades
 + Level 2.0 Armour
 + Level 2.5 Dodging
 - Level 2.0 Spellcasting
 - Level 2.6 Charms


You had 6 spell levels left.
You knew the following spells:

 Your Spells              Type           Power        Failure   Level  Hunger
a - Infusion              Chrm           #...         10%         1    #......

Your spell library contained the following spells:

 Spells                   Type           Power        Failure   Level  Hunger
 Song of Slaying          Chrm           #.......     14%         2    ###....
 Shroud of Golubria       Chrm/Tloc      #.....       24%         2    ###....
 Regeneration             Chrm/Necr      #.........   43%         3    ###....
 Spectral Weapon          Hex/Chrm       #.......     43%         3    ###....


Dungeon Overview and Level Annotations

Branches:
Dungeon (3/15)

Altars:


Innate Abilities, Weirdness & Mutations

You are partially covered in large bone plates. (SH +4)
You regenerate a little health from kills.


Message History

You feel magically purged.
You feel yourself speed up.
Your resistance to elements expires.
The orc wizard barely misses you. The orc hits you but does no damage.
The kobold misses you.
The orc wizard points at you and mumbles some strange words.
You feel yourself slow down.
The hobgoblin hits you but does no damage.
The orc hits you.
* * * LOW HITPOINT WARNING * * *
You completely miss the orc wizard.
The orc wizard is moderately wounded.
The orc wizard hits you with a +0 dagger.
* * * LOW HITPOINT WARNING * * *
The kobold hits you.
* * * LOW HITPOINT WARNING * * *
The hobgoblin hits you.
* * * LOW HITPOINT WARNING * * *
The orc wizard casts a spell at you. The magic dart hits you!
You die...

...............#
............. ..
..........#
..###........#
.!...........#
......o<.....#
........o....#
........go)..#
...##.†bo@...#
## #...K....#
≈#...#......##
≈#...#....(.#
≈#...#......# #.
#......#
#......#
#......#
#......#


You could see an orc wizard, 3 orcs, a hobgoblin, a bat and a kobold.

Vanquished Creatures
  A howler monkey zombie (D:2)
  3 adders (D:2)
  An ooze (D:1)
  A worm (D:2)
  A leopard gecko (D:2)
  2 orcs (D:3)
  4 giant cockroaches
  5 goblins
  4 hobgoblins
  4 jackals (D:2)
  A quokka (D:3)
  4 bats
  3 frilled lizards
  6 kobolds
  4 rats
44 creatures vanquished.

Notes
Turn   | Place    | Note
-------+----------+-------------------------------------------
     0 | D:1      | KristoblXynda the Demonspawn Skald began the quest for the
                  | Orb.
     0 | D:1      | Reached XP level 1. HP: 16/16 MP: 3/3
    57 | D:1      | Reached skill level 1 in Armour
   125 | D:1      | Reached skill level 2 in Long Blades
   166 | D:1      | Gained mutation: You are partially covered in large bone
                  | plates. (SH +4) [demonic ancestry]
   166 | D:1      | Reached XP level 2. HP: 22/22 MP: 5/5
   626 | D:2      | Gained mutation: You regenerate a little health from kills.
                  | [demonic ancestry]
   626 | D:2      | Reached XP level 3. HP: 22/27 MP: 2/6
   811 | D:2      | Reached skill level 3 in Long Blades
   888 | D:2      | Reached XP level 4. HP: 33/33 MP: 7/7
  1364 | D:3      | Killed from afar by an orc wizard

Levels and vault maps discovered:
D:1:      dpeg_arrival_pits, layout_rooms
D:2:      layout_loops_ring, grunt_ministairs_2
D:3:      layout_basic, lemuel_round_altar, first_ration, gup_sewer_entry_glass

Skill      XL: |  1  2  3  4 |
---------------+-------------+-----
Armour         | 1 2 |  2.0
Long Blades    | 2 3 |  3.2
Dodging        | 2 |  2.5
Fighting       | |  2.0
Spellcasting   | |  2.0
Charms         | |  2.6

Action                   |  1- 3 |  4- 6 || total
-------------------------+-------+-------++-------
Melee: Falchion          |    96 |    50 ||   146
 Cast: Infusion          |     3 |       ||     3
  Use: Potion            |       |     2 ||     2
 Stab: Sleeping          |       |     1 ||     1
  Eat: Chunk             |       |     1 ||     1
Armor: Leather armour    |    21 |    13 ||    34
Dodge: Dodged            |    64 |    61 ||   125
Block: Other             |    12 |    13 ||    25
       Rpst.: Falchion   |    20 |    19 ||    39

Table legend:
 A = Non-vault XP
 B = Vault XP
 C = Vault XP percentage of total XP
 D = Non-vault monster count
 E = Vault monster count
 F = Vault count percentage of total count
                 A         B        C        D         E       F
            +---------+---------+-------+---------+---------+-------
      Total |     131 |       3 |   2.2 |      42 |       2 |   4.5
            +---------+---------+-------+---------+---------+-------
        D:1 |      25 |       0 |   0.0 |      13 |       0 |   0.0
        D:2 |      98 |       3 |   3.0 |      26 |       2 |   7.1
        D:3 |       8 |       0 |   0.0 |       3 |       0 |   0.0
            +---------+---------+-------+---------+---------+-------
